 Dungeon Crawl Stone Soup version 0.23.2-1-ga50397a (webtiles) character file.

Game seed: 6328376542875066791

1346 esteth the Thaumaturge (level 8, -4/58 HPs)
             Began as a Gnoll Wizard on Apr 15, 2019.
             Was a Follower of Ashenzari.
             Slain by a phantom (7 damage)
             ... while paralysed by Grinder
             ... on level 6 of the Dungeon.
             The game lasted 00:17:52 (6145 turns).

esteth the Thaumaturge (Gnoll Wizard)               Turns: 6145, Time: 00:17:52

Health: -4/58      AC:  7    Str:  9    XL:     8   Next: 62%
Magic:  6/6        EV:  2    Int: 23    God:    Ashenzari [*.....]
Gold:   318        SH:  0    Dex: 14    Spells: 12/23 levels left

rFire    . . .     SeeInvis .   H - +6 rapier (antimagic)
rCold    . . .     Gourm    .   (no shield)
rNeg     . . .     Faith    .   a - +0 robe
rPois    +         Spirit   .   p - +2 helmet
rElec    .         Reflect  .   (no cloak)
rCorr    .         Harm     .   h - +0 pair of gloves
MR       .....                  i - +0 pair of boots (curse)
Stlth    +++.......             (no amulet)
HPRegen  0.19/turn              I - ring of wizardry
MPRegen  0.10/turn              m - ring of poison resistance (curse)

@: paralysed
A: distributed training, fangs 1, strong nose
a: Curse Item, Scrying, Renounce Religion


You were on level 6 of the Dungeon.
You worshipped Ashenzari.
Ashenzari was aware of your devotion.
You were not hungry.

You visited 2 branches of the dungeon, and saw 7 of its levels.

You collected 318 gold pieces.

Inventory:

Hand Weapons
 e - a +0 whip
 G - a +2 flail of crushing
 H - a +6 antimagic rapier (weapon)
Armour
 a - a +0 robe (worn)
 b - a +0 hat
 h - a +0 pair of gloves (worn)
 i - a cursed +0 pair of boots (worn)
 p - a +2 helmet (worn)
Jewellery
 j - an uncursed ring of flight
 m - a cursed ring of poison resistance (right hand)
 I - a ring of wizardry (left hand)
Wands
 y - a wand of paralysis (6)
 z - a wand of polymorph (8)
 B - a wand of iceblast (6)
Scrolls
 c - a scroll of fog {unknown}
 f - 4 scrolls of identify
 g - 2 scrolls of teleportation {unknown}
 q - a scroll of enchant weapon {unknown}
 v - 2 scrolls of noise {unknown}
 w - a scroll of magic mapping {unknown}
 D - a scroll of holy word {unknown}
Potions
 k - 2 potions of heal wounds {unknown}
 l - 4 potions of curing {unknown}
 n - a potion of berserk rage {unknown}
 o - a potion of magic {unknown}
 r - a potion of mutation {unknown}
 s - a potion of brilliance {unknown}
 t - 2 potions of agility {unknown}
 u - a potion of ambrosia {unknown}
 x - a potion of degeneration {unknown}
 A - a potion of might {unknown}
 E - a potion of flight {unknown}
 F - 2 potions of haste
Comestibles
 d - 12 rations
 C - 4 chunks of flesh


   Skills:
 + Level 3.3 Fighting
 + Level 3.3 Short Blades
 + Level 3.3 Long Blades
 + Level 3.3 Axes
 + Level 3.3 Maces & Flails
 + Level 3.3 Polearms
 + Level 3.3 Staves
 + Level 3.3 Slings
 + Level 3.3 Bows
 + Level 3.3 Crossbows
 + Level 3.3 Throwing
 + Level 3.3 Armour
 + Level 5.7 Dodging
 + Level 5.4 Stealth
 + Level 3.3 Shields
 + Level 3.3 Unarmed Combat
 + Level 8.0 Spellcasting
 + Level 3.5 Conjurations
 + Level 2.7 Hexes
 + Level 2.7 Charms
 + Level 3.5 Summonings
 + Level 2.7 Necromancy
 + Level 3.5 Translocations
 + Level 2.7 Transmutations
 + Level 2.7 Fire Magic
 + Level 2.7 Ice Magic
 + Level 2.7 Air Magic
 + Level 2.7 Earth Magic
 + Level 2.7 Poison Magic
 + Level 3.7 Invocations
 + Level 3.3 Evocations


You had 12 spell levels left.
You knew the following spells:

 Your Spells              Type           Power        Failure   Level  Hunger
a - Magic Dart            Conj           ####         1%          1    None
b - Blink                 Tloc           N/A          1%          2    None
c - Call Imp              Summ           ####....     1%          2    None
d - Conjure Flame         Conj/Fire      ###.....     2%          3    None
e - Mephitic Cloud        Conj/Pois/Air  ###.....     2%          3    None

Your spell library contained the following spells:

 Spells                   Type           Power        Failure   Level  Hunger
 Slow                     Hex            ###.....     1%          2    None


Dungeon Overview and Level Annotations

Branches:
Dungeon (6/15)             Temple (1/1) D:4

Altars:
Ashenzari
Cheibriados
Dithmenos
Elyvilon
Fedhas
Gozag
Hepliaklqana
Nemelex Xobeh
Okawaru
Qazlal
Ru
Sif Muna
Trog
Vehumet
Wu Jian
Xom
Yredelemnul
Zin
The Shining One

Annotations:
D:6 Grinder


Innate Abilities, Weirdness & Mutations

Your experience applies equally to all skills.
You have very sharp teeth.
Your uncanny sense of smell can sniff out nearby items.


Message History

Grinder is moderately wounded.
The phantom hits you! Grinder hits you!
You writhe in agony.
You closely miss Grinder.
Grinder is moderately wounded.
The phantom hits you. Grinder gestures at you.
You suddenly lose the ability to move!
The phantom hits you.
The phantom blinks!
Grinder hits you.
* * * LOW HITPOINT WARNING * * *
You writhe in agony.
* * * LOW HITPOINT WARNING * * *
Grinder hits you.
* * * LOW HITPOINT WARNING * * *
You writhe in agony.
* * * LOW HITPOINT WARNING * * *
The phantom hits you but does no damage.
Grinder hits you!
* * * LOW HITPOINT WARNING * * *
The phantom hits you!
You die...

### #.# #.# #.#
##.######## ## #
#.........# #.
####.##W.######.#######.
#......@......#.........
#.##.##.5######.........
# #.................
#.########..รท...). ...
#..[....... #.#
###.......... #.#
..............
..................
#..............


You could see Grinder and a phantom.

Vanquished Creatures
  Eustachio (D:6)
  A water moccasin (D:5)
  An ogre (D:5)
  A gnoll sergeant (D:5)
  A water moccasin zombie (D:5)
  A scorpion (D:5)
  2 crimson imps
  2 hounds
  2 orc wizards
  3 gnoll shamans (D:5)
  Jessica (D:3)
  Natasha (D:4)
  3 worker ants (D:4)
  A killer bee zombie (D:3)
  30 gnolls
  7 adders
  A shadow imp (D:4)
  An ooze (D:2)
  2 worms (D:2)
  2 dart slugs (D:1)
  4 leopard geckos
  6 orcs
  11 bats
  8 giant cockroaches
  9 hobgoblins
  18 jackals (D:5)
  7 kobolds
  4 quokkas
  2 ball pythons (D:2)
  7 frilled lizards
  2 goblins (D:1)
  A quokka skeleton (D:4)
  9 rats
152 creatures vanquished.

Vanquished Creatures (collateral kills)
  An adder zombie (D:5)
1 creature vanquished.

Grand Total: 153 creatures vanquished

Notes
Turn   | Place    | Note
-------+----------+-------------------------------------------
     0 | D:1      | esteth the Gnoll Wizard began the quest for the Orb.
     0 | D:1      | Reached XP level 1. HP: 13/13 MP: 8/8
   170 | D:1      | Reached XP level 2. HP: 19/19 MP: 6/10
   174 | D:1      | Learned a level 2 spell: Blink
   177 | D:1      | Learned a level 2 spell: Call Imp
   525 | D:1      | Reached XP level 3. HP: 23/25 MP: 6/11
   530 | D:1      | Learned a level 3 spell: Conjure Flame
   534 | D:1      | Learned a level 3 spell: Mephitic Cloud
  1026 | D:2      | Reached skill level 1 in Invocations
  1101 | D:2      | Reached skill level 1 in Fighting
  1101 | D:2      | Reached skill level 1 in Short Blades
  1101 | D:2      | Reached skill level 1 in Long Blades
  1101 | D:2      | Reached skill level 1 in Axes
  1101 | D:2      | Reached skill level 1 in Maces & Flails
  1101 | D:2      | Reached skill level 1 in Polearms
  1101 | D:2      | Reached skill level 1 in Staves
  1101 | D:2      | Reached skill level 1 in Slings
  1101 | D:2      | Reached skill level 1 in Bows
  1101 | D:2      | Reached skill level 1 in Crossbows
  1101 | D:2      | Reached skill level 1 in Throwing
  1101 | D:2      | Reached skill level 1 in Armour
  1101 | D:2      | Reached skill level 1 in Shields
  1101 | D:2      | Reached skill level 1 in Unarmed Combat
  1101 | D:2      | Reached skill level 1 in Evocations
  1175 | D:2      | Reached XP level 4. HP: 32/32 MP: 10/13
  1552 | D:2      | Reached skill level 1 in Hexes
  1552 | D:2      | Reached skill level 1 in Charms
  1552 | D:2      | Reached skill level 1 in Necromancy
  1552 | D:2      | Reached skill level 1 in Transmutations
  1552 | D:2      | Reached skill level 1 in Fire Magic
  1552 | D:2      | Reached skill level 1 in Ice Magic
  1552 | D:2      | Reached skill level 1 in Air Magic
  1552 | D:2      | Reached skill level 1 in Earth Magic
  1552 | D:2      | Reached skill level 1 in Poison Magic
  2016 | D:3      | Reached XP level 5. HP: 33/37 MP: 7/14
  2347 | D:3      | Noticed Jessica
  2358 | D:3      | Killed Jessica
  2733 | D:4      | Found a staircase to the Ecumenical Temple.
  2738 | Temple   | Entered the Ecumenical Temple
  2826 | Temple   | Became a worshipper of Ashenzari the Shackled
  2897 | D:5      | Entered Level 5 of the Dungeon
  2898 | D:5      | Noticed a water moccasin
  3059 | D:4      | Found a glowing silver altar of Zin.
  3174 | D:4      | Reached XP level 6. HP: 44/44 MP: 12/16
  3343 | D:4      | Reached skill level 5 in Dodging
  3526 | D:4      | Found a blossoming altar of Fedhas.
  3571 | D:4      | Noticed Natasha
  3575 | D:4      | Killed Natasha
  3604 | D:4      | Found an ornate altar of the Wu Jian Council.
  3810 | D:5      | Found a sparkling altar of Nemelex Xobeh.
  3817 | D:5      | Killed a water moccasin
  3817 | D:5      | Reached XP level 7. HP: 43/50 MP: 1/18
  4195 | D:5      | Found a blossoming altar of Fedhas.
  4470 | D:5      | Found a blossoming altar of Fedhas.
  4579 | D:5      | Reached skill level 5 in Stealth
  4892 | D:5      | Reached XP level 8. HP: 41/57 MP: 14/19
  6081 | D:6      | Noticed Eustachio
  6087 | D:6      | Reached * piety under Ashenzari
  6103 | D:6      | Killed Eustachio
  6103 | D:6      | Reached skill level 8 in Spellcasting
  6133 | D:6      | Noticed Grinder
  6141 | D:6      | Paralysed by Grinder for 5 turns
  6145 | D:6      | Slain by a phantom

Skill      XL: |  1  2  3  4  5  6  7  8 |
---------------+-------------------------+-----
Conjurations   | 2 3 |  3.5
Summonings     | 2 3 |  3.5
Translocations | 2 3 |  3.5
Invocations    | 1 2 3 |  3.7
Fighting       | 1 2 3 |  3.3
Short Blades   | 1 2 3 |  3.3
Long Blades    | 1 2 3 |  3.3
Axes           | 1 2 3 |  3.3
Maces & Flails | 1 2 3 |  3.3
Polearms       | 1 2 3 |  3.3
Staves         | 1 2 3 |  3.3
Slings         | 1 2 3 |  3.3
Bows           | 1 2 3 |  3.3
Crossbows      | 1 2 3 |  3.3
Throwing       | 1 2 3 |  3.3
Armour         | 1 2 3 |  3.3
Shields        | 1 2 3 |  3.3
Unarmed Combat | 1 2 3 |  3.3
Evocations     | 1 2 3 |  3.3
Hexes          | 1 2 |  2.7
Charms         | 1 2 |  2.7
Necromancy     | 1 2 |  2.7
Transmutations | 1 2 |  2.7
Fire Magic     | 1 2 |  2.7
Ice Magic      | 1 2 |  2.7
Air Magic      | 1 2 |  2.7
Earth Magic    | 1 2 |  2.7
Poison Magic   | 1 2 |  2.7
Dodging        | 5 |  5.7
Stealth        | 5 |  5.4
Spellcasting   | 8 |  8.0

Action                   |  1- 3 |  4- 6 |  7- 9 || total
-------------------------+-------+-------+-------++-------
Melee: Whip              |     3 |    88 |   163 ||   254
       Bite              |     1 |     7 |    27 ||    35
       Flail             |       |       |   104 ||   104
       Rapier            |       |       |     5 ||     5
 Cast: Magic Dart        |    83 |   102 |    64 ||   249
       Mephitic Cloud    |       |     8 |    24 ||    32
       Call Imp          |       |     5 |       ||     5
       Conjure Flame     |       |     1 |     2 ||     3
Invok: Curse Item        |       |       |     1 ||     1
  Use: Scroll            |       |     1 |       ||     1
 Stab: Sleeping          |       |     3 |     1 ||     4
       Confused          |       |     1 |    12 ||    13
  Eat: Chunk             |     1 |     8 |     4 ||    13
       Ration            |       |       |     1 ||     1
Armor: Robe              |     9 |    29 |    70 ||   108
Dodge: Dodged            |    14 |   107 |   191 ||   312
